 Dungeon Crawl Stone Soup version 0.28.0-49-g6dfe1f597d (webtiles) character file.

Game seed: 8773058743249837392

11 unlimited1921 the Magician (level 2, 0/21 HPs)
             Began as a Djinni Fire Elementalist on May 18, 2022.
             Frozen to death by an endoplasm (6 damage)
             ... on level 1 of the Dungeon.
             The game lasted 00:01:14 (343 turns).

unlimited1921 the Magician (DjFE)                    Turns: 343, Time: 00:01:15

Health: 0/21       AC:  2    Str:  7    XL:     2   Next: 40%
Gold:   0          EV: 12    Int: 16    God:
                   SH:  0    Dex: 13

rFire   + + .      SeeInvis .   (no weapon)
rCold   x . .      Faith    .   (no shield)
rNeg    . . .      Spirit   .   a - +0 robe
rPois   ∞          Reflect  .   (no helmet)
rElec   .          Harm     .   (no cloak)
rCorr   .          Rampage  .   (no gloves)
Will    .....                   (boots unavailable)
Stlth   ++........              (no amulet)
HPRegen 0.07/turn               (no ring)
MPRegen 0.00/turn               (no ring)

@: flying
A: sickness immunity, fire resistance 2, cold vulnerability 1, float, innate
caster, HP casting, extra vitality 1
a: no special abilities


You were on level 1 of the Dungeon.
You visited 1 branch of the dungeon, and saw 1 of its levels.

Inventory:

Missiles
 c - 24 stones
Armour
 a - a +0 robe (worn)
Scrolls
 b - a scroll of immolation {unknown}


   Skills:
 + Level 2.4 Dodging
 + Level 1.6 Stealth
 + Level 2.8 Spellcasting


You couldn't memorise any spells.
You knew the following spells:

 Your Spells              Type           Power      Damage    Failure   Level
a - Foxfire               Conj/Fire      44%        2x1d6     6%          1
b - Scorch                Fire           22%        2d6       9%          2
c - Conjure Flame         Conj/Fire      11%        6-21      19%         3
d - Inner Flame           Hex/Fire       11%        N/A       19%         3
e - Flame Wave            Conj/Fire      11%        2d5       52%         4
Your spell library was empty.

Dungeon Overview and Level Annotations

Branches:
Dungeon (1/15)

Altars:


Innate Abilities, Weirdness & Mutations

You are immune to sickness and miasma.
You are immune to poison.
Your flesh is very heat resistant. (rF++)
You are vulnerable to cold. (rC-)
You float through the air rather than walking.
You learn spells naturally, not from books.
Your magical power is your life essence.
You have superior vitality. (+4 MHP)


Message History

You start resting.
A kobold comes into view. It is wielding a +0 dagger.
Casting: Foxfire (safe; 6% risk of failure)
Confirm with . or Enter, or press ? or * to list all spells.
You conjure some foxfire!
The kobold shouts!
* * * LOW HITPOINT WARNING * * *
Casting: Foxfire (safe; 6% risk of failure)
Confirm with . or Enter, or press ? or * to list all spells.
You conjure some foxfire!
* * * LOW HITPOINT WARNING * * *
The foxfire hits the kobold.
You kill the kobold!
You start resting.
Your foxfire dissipates!
You start resting.
Your foxfire dissipates!
You start resting.
An endoplasm comes into view.
Casting: Foxfire (safe; 6% risk of failure)
Confirm with . or Enter, or press ? or * to list all spells.
You conjure some foxfire!
The endoplasm quivers.
* * * LOW HITPOINT WARNING * * *
Casting: Foxfire (safe; 6% risk of failure)
Confirm with . or Enter, or press ? or * to list all spells.
You conjure some foxfire!
* * * LOW HITPOINT WARNING * * *
You start resting.
The foxfire hits the endoplasm but does no damage.
Your foxfire dissipates!
An endoplasm is nearby!
An endoplasm is nearby!
Your foxfire dissipates!
The endoplasm misses you.
The endoplasm jiggles.
The endoplasm jiggles.
The endoplasm freezes you.
You are frozen.
You feel a terrible chill!
You die...

.................
....#.#.#....##..
=.. #........# ..
#.#.#.######. #
#.#.#........ .
#.#.####### ##
#.#.....#######.#
...####J.).......#
........@..........
...#####'#####.....
####.#### ##..
###.......### .
##...........##
##....≈≈≈≈≈....##
#...≈≈≈≈≈≈≈≈≈...#
##..≈≈.......≈≈..##
#...≈..##'##..≈...#


You could see an endoplasm.

Vanquished Creatures
  3 endoplasms (D:1)
  A goblin (D:1)
  A hobgoblin (D:1)
  3 kobolds (D:1)
  A bat (D:1)
  A rat (D:1)
10 creatures vanquished.

Vanquished Creatures (others)
  31 foxfires (D:1)
31 creatures vanquished.

Grand Total: 41 creatures vanquished

Notes
Turn   | Place    | Note
-------+----------+-------------------------------------------
     0 | D:1      | unlimited1921 the Djinni Fire Elementalist began the quest
                  | for the Orb.
     0 | D:1      | Reached XP level 1. HP: 15/15 MP: 0/0
   285 | D:1      | Reached XP level 2. HP: 14/21 MP: 0/0
   343 | D:1      | Frozen to death by an endoplasm

Illustrated notes

Levels and vault maps discovered:
D:1:      dpeg_arrival_concentric_ovals, layout_basic, minivault_23,
          minmay_hexomino_c4

Action                   || total
-------------------------++-------
 Cast: Foxfire           ||    21
Dodge: Dodged            ||     2
